 Dungeon Crawl Stone Soup version 0.31-a0-844-gdc52ec4e09 (webtiles) character file.

Game seed: 17614375963304575920

770 kae the Reanimator (level 7, -7/46 HPs)
             Began as a Vampire Necromancer on Sept 29, 2023.
             Mangled by a gnoll sergeant
             ... wielding a +0 spear
              (13 damage)
             ... on level 5 of the Dungeon.
             The game lasted 00:06:13 (4241 turns).

kae the Reanimator (Vampire Necromancer)            Turns: 4241, Time: 00:06:14

Health: -7/46      AC:  4    Str:  7    XL:     7   Next: 52%
Magic:  8/14       EV: 12    Int: 19    God:
Gold:   326        SH:  0    Dex: 15    Spells: 7/15 levels left

rFire   . . .        o - +5 dagger
rCold   . . .        (no shield)
rNeg    . . .        a - +1 robe
rPois   .            (no helmet)
rElec   .            (no cloak)
rCorr   .            (no gloves)
SInv    +            g - +0 pair of boots
Will    .....        (no amulet)
Stlth   ++           (no ring)
HPRegen 0.47/turn    (no ring)
MPRegen 0.14/turn

%: no passive effects
@: animating dead (expiring), healing quickly
A: alive, fangs 3, see invisible, vampiric 2
a: Exsanguinate


You were on level 5 of the Dungeon.
You visited 1 branch of the dungeon, and saw 5 of its levels.

You collected 326 gold pieces.


Innate Abilities, Weirdness & Mutations

Your natural rate of healing is accelerated.
You have razor-sharp teeth.
You have supernaturally acute eyesight. (SInv)
You are afflicted with vampirism and can become a bat while bloodless.


   Skills:
 - Level 2.1 Dodging
 - Level 3.0 Stealth
 + Level 4.8 Spellcasting
 * Level 8.8 Necromancy


You had 7 spell levels left.
You knew the following spells:

 Your Spells              Type           Power      Damage    Failure   Level
a - Necrotise             Necr           100%       1d9       1%          1
b - Vampiric Draining     Necr           38%        2d8       1%          3
c - Animate Dead          Necr           38%        N/A       3%          4

Your spell library contained the following spells:

 Spells                   Type           Power      Damage    Failure   Level
 Agony                    Necr           38%        N/A       10%         5
 Shock                    Conj/Air       16%        1d4       13%         1
 Ozocubu's Armour         Ice            4%         N/A       36%         3
 Swiftness                Air            4%         N/A       36%         3
 Borgnjor's Vile Clutch   Necr/Erth      10%        N/A       50%         5
 Airstrike                Air            2%         2d(1-17)  77%         4
 Simulacrum               Ice/Necr       10%        N/A       97%         6
 Alistair's Intoxication  Tmut/Pois      2%         N/A       98%         5
 Metabolic Englaciation   Hex/Ice        2%         N/A       98%         5
 Eringya's Noxious Bog    Tmut/Pois      2%         4d6       100%        6

Inventory:

Hand Weapons
 o - a +5 dagger (weapon)
   (You took it off a kobold on level 1 of the Dungeon)
Missiles
 c - 24 stones
 d - 7 boomerangs
 k - 7 poisoned darts
 n - 3 javelins
Armour
 a - a +1 robe (worn)
 g - a +0 pair of boots (worn)
   (You found it on level 3 of the Dungeon)
Wands
 l - a wand of quicksilver (1)
   (You found it on level 2 of the Dungeon)
 t - a wand of digging (6)
   (You found it on level 4 of the Dungeon)
Potions
 b - a potion of magic
 e - 2 potions of heal wounds {@q2}
 h - 3 potions of degeneration {!q}
 i - a potion of haste {unknown}
 j - a potion of mutation {!q}
 m - 3 potions of curing {@q1}
 p - a potion of resistance {unknown}

Dungeon Overview and Level Annotations

Branches:
Dungeon (5/15) Zot: 25759
 Temple: D:4-7

Altars:
Ashenzari
Kikubaaqudgha
Okawaru
Trog

Annotations:
D:2 exclusion: scorpion
D:4 exclusions: 2 orc priests and orc wizard, Edmund, Grinder

#.###......#,,,,,,,****,,,,
######.##########,,,,,,.* *,,,,
#...........# *,,,,,.,* *,,,,
#...........# *****.#** *,,,,
#...........# ######.###***,,,,
#...........####.........,,*,,,,
#............?.#.........,,*****
#...........##.#gZ.......,,*
##############.@5gZ......,,*
*###)ZZ......,,*
#............,,*
#............,,*
#....########*** #....# #....#
#....# #....#


You could see a gnoll sergeant (ally target), a gnoll, a white imp (ally
target), a friendly jelly zombie and 3 friendly gnoll zombies.


Message History

The gnoll sergeant completely misses your jelly zombie.
Your black bear zombie bites the gnoll.
Your black bear zombie claws the gnoll.
Your black bear zombie closely misses the gnoll.
Your iguana zombie bites the gnoll!
The gnoll dies!
The dead are walking!
The gnoll hits your black bear zombie with a +0 flail.
The white imp gestures at you.
The puff of frost hits your black bear zombie.
Your black bear zombie resists. 😎 HP[+1]
Your hp is fully restored (46).
Casting: Necrotise (safe; 1% risk of failure)
Confirm with . or Enter, or press ? or * to list all spells.
Aiming: Necrotise (safe; 1% risk of failure)
Press: ? - help, Shift-Dir - straight line, f - gnoll
Aim: a gnoll, wielding a +0 flail (lightly wounded, ally target, chance to affect: 88%)
Okay, then.
The gnoll barely misses you.
Your jelly zombie hits the gnoll but does no damage.
Your black bear zombie bites the white imp but does no damage.
Your black bear zombie misses the white imp.
Your black bear zombie closely misses the white imp.
The gnoll hits you with a +0 flail!
The gnoll hits your black bear zombie with a +0 flail!
The white imp hits you but does no damage.
The gnoll sergeant hits you from afar with a +0 spear.
Your iguana zombie bites the gnoll. 😮 HP[-14]
You take 14 damage, and now have 32/46 hp.
MASSIVE DAMAGE!! (PAUSE)
You hit the gnoll. The gnoll barely misses you.
Your gnoll zombie barely misses the white imp.
Your black bear zombie closely misses the white imp.
Your black bear zombie completely misses the white imp.
Your black bear zombie claws the white imp but does no damage.
Your jelly zombie barely misses the gnoll.
The gnoll hits you with a +0 flail!
The gnoll hits your black bear zombie with a +0 flail!
The gnoll sergeant hits you from afar with a +0 spear.
* * * LOW HITPOINT WARNING * * *
The white imp barely misses you. 😨 HP[-12]
You take 12 damage, and now have 20/46 hp.
MASSIVE DAMAGE!! (PAUSE)
Your iguana zombie barely misses the gnoll.
Your gnoll zombie completely misses the white imp.
Your jelly zombie hits the gnoll but does no damage.
Your black bear zombie completely misses the white imp.
Your black bear zombie claws the white imp but does no damage.
Your black bear zombie closely misses the white imp.
The gnoll hits your black bear zombie with a +0 flail! x2
Your black bear zombie is destroyed!
You hit the gnoll. You bite the gnoll.
Your reaping aura is weakening.
The gnoll misses you.
Your iguana zombie bites the gnoll!
The gnoll dies!
The dead are walking!
Your gnoll zombie closely misses the gnoll.
The gnoll hits your iguana zombie with a +0 flail!
The gnoll sergeant hits your gnoll zombie with a +0 spear! 😨 HP[+1]
You closely miss the gnoll. You bite the gnoll. The white imp gestures at you.
The puff of frost hits you!
* * * LOW HITPOINT WARNING * * *
The gnoll closely misses you.
Your iguana zombie bites the gnoll.
The gnoll hits your iguana zombie with a +0 flail.
Your iguana zombie is destroyed!
Your gnoll zombie closely misses the gnoll.
The gnoll sergeant hits your jelly zombie with a +0 spear!
The gnoll shouts! 😨 HP[-9] MP[+1]
You take 9 damage, and now have 12/46 hp.
Unknown command.
You hit the gnoll. The white imp barely misses you. The gnoll misses you.
Your gnoll zombie closely misses the gnoll.
Your jelly zombie hits the gnoll sergeant but does no damage. 😨 HP[+1] Unknown command.
You hit the gnoll. Your bite misses the gnoll. The white imp barely misses you.
The gnoll barely misses you.
Your gnoll zombie hits the gnoll sergeant.
Your gnoll zombie hits the gnoll.
Your jelly zombie hits the gnoll sergeant but does no damage.
The gnoll barely misses you.
The gnoll sergeant completely misses you.
Unknown command.
You hit the gnoll.
You kill the gnoll!
The dead are walking!
The white imp gestures at you. The puff of frost hits you!
* * * LOW HITPOINT WARNING * * *
Your gnoll zombie hits the gnoll sergeant but does no damage.
Your gnoll zombie hits the white imp but does no damage.
Your jelly zombie barely misses the gnoll sergeant.
The gnoll closely misses you.
The gnoll sergeant hits you from afar with a +0 spear!
You die...

Skill      XL: |  1  2  3  4  5  6 |
---------------+-------------------+-----
Necromancy     | 5 6 7 8 |  8.8
Spellcasting   | 3 4 |  4.8
Dodging        | |  2.1
Stealth        | |  3.0

Action                     |  1- 3 |  4- 6 |  7- 9 || total
---------------------------+-------+-------+-------++-------
  Melee: Unarmed           |    22 |       |       ||    22
         Bite              |     5 |     6 |     6 ||    17
         Dagger            |       |    58 |    28 ||    86
   Cast: Necrotise         |    52 |   102 |    14 ||   168
         Vampiric Draining |       |     2 |       ||     2
         Animate Dead      |       |       |     2 ||     2
  Evoke: Wand              |       |     1 |       ||     1
    Use: Scroll            |       |    10 |     1 ||    11
   Stab: Sleeping          |       |       |     1 ||     1
 Armour: Robe              |    19 |    66 |    36 ||   121
  Dodge: Dodged            |    20 |    62 |    29 ||   111

Levels and vault maps discovered:
D:1:      matt_arrival_grand_opening, layout_rooms,
          hellmonk_ecumenical_altar_leap_of_faith, serial_forest,
          infiniplex_forest_end_1, infiniplex_forest_end_double,
          infiniplex_forest_clump_double, infiniplex_forest_end_1,
          nicolae_twisty_statue_hallways
D:2:      layout_loops_ring, basic_altar, chequers_hall_statues_y,
          kennysheep_decorative_pillar, dreamdust_princess_corridor,
          minivault_19, minmay_heptomino_w4, uniq_jessica, uniq_robin
D:3:      layout_basic, lemuel_doored_altar,
          mainiacjoe_overflow_small_starburst, kennysheep_minor_cross
D:4:      layout_cave_pools, kiku_gazebo_garden_becter,
          grunt_temple_overflow_open, hangedman_decor_riveting, dk_vineyard_1,
          uniq_sigmund, uniq_edmund, uniq_grinder
D:5:      layout_basic, mainiacjoe_overflow_chevrons, uniq_pikel

Notes
Turn   | Place    | Note
-------+----------+-------------------------------------------
     0 | D:1      | kae the Vampire Necromancer began the quest for the Orb.
     0 | D:1      | Reached XP level 1. HP: 13/13 MP: 3/3
     0 | D:1      | magus.rc [v1.11.3]
   312 | D:1      | Reached XP level 2. HP: 16/19 MP: 1/5
   516 | D:1      | Found a faded altar of an unknown god.
   550 | D:1      | You fall into a shaft and drop 1 floor!
   563 | D:2      | Reached skill level 5 in Necromancy
   641 | D:2      | Gained mutation: You are afflicted with vampirism and can
                  | become a bat while bloodless. [Vampire growth]
   641 | D:2      | Reached XP level 3. HP: 20/24 MP: 0/6
   824 | D:2      | Noticed Jessica
   833 | D:2      | Killed Jessica
   955 | D:2      | Noticed a scorpion
   978 | D:2      | Found a bloodstained altar of Trog.
  1252 | D:1      | Reached XP level 4. HP: 21/30 MP: 6/8
  1648 | D:2      | You add the spells Alistair's Intoxication, Borgnjor's Vile
                  | Clutch and Eringya's Noxious Bog to your library.
  1654 | D:2      | Identified the +1 robe of Apathy {rN+ Int+4}
  1799 | D:2      | Noticed Robin
  1802 | D:2      | Reached skill level 3 in Spellcasting
  1812 | D:2      | Reached skill level 6 in Necromancy
  1813 | D:2      | HP: 6/30 [goblin/+0 club[Robin] (2)]
  1818 | D:2      | Killed Robin
  2117 | D:2      | Learned a level 3 spell: Vampiric Draining
  2122 | D:2      | Learned a level 4 spell: Animate Dead
  2266 | D:3      | Reached XP level 5. HP: 35/35 MP: 2/9
  2421 | D:3      | Found a broken altar of Ashenzari.
  3064 | D:3      | You pick up a book of Winter and begin reading...
  3064 | D:3      | You add the spells Ozocubu's Armour, Metabolic Englaciation
                  | and Simulacrum to your library.
  3102 | D:4      | Found an ancient bone altar of Kikubaaqudgha.
  3220 | D:4      | Noticed Edmund
  3258 | D:4      | Reached skill level 7 in Necromancy
  3357 | D:4      | Reached XP level 6. HP: 37/41 MP: 7/11
  3407 | D:4      | Noticed Sigmund
  3463 | D:4      | Killed Sigmund
  3464 | D:4      | Reached skill level 4 in Spellcasting
  3596 | D:4      | Found an iron altar of Okawaru.
  3652 | D:4      | Noticed Grinder
  3815 | D:5      | Entered Level 5 of the Dungeon
  3832 | D:5      | Reached skill level 8 in Necromancy
  3841 | D:5      | Reached XP level 7. HP: 44/46 MP: 11/13
  3861 | D:5      | You pick up a book of Air and begin reading...
  3861 | D:5      | You add the spells Shock, Swiftness and Airstrike to your
                  | library.
  4097 | D:5      | HP: 8/46 [lemure[Pikel] (6)]
  4241 | D:5      | HP: 6/46 [white imp/puff of frost (8)]
  4241 | D:5      | Mangled by a gnoll sergeant

Vanquished Creatures
  Sigmund (D:4)
  A black bear (D:5)
  A lemure (D:5)
  A howler monkey (D:5)
  An orc priest (D:3)
  3 hounds
  An iguana (D:5)
  Jessica (D:2)
  Robin (D:2)
  4 gnolls
  9 adders
  4 dart slugs
  7 orcs (D:3)
  9 endoplasms
  A giant cockroach (D:4)
  13 goblins
  3 hobgoblins
  8 jackals
  7 kobolds
  6 quokkas
  5 ball pythons
  2 bats (D:3)
  5 frilled lizards
  10 rats
104 creatures vanquished.

Vanquished Creatures (collateral kills)
  A jelly (D:5)
  An adder (D:5)
  3 gnolls (D:5)
  2 orcs
  A hobgoblin (D:1)
  3 jackals (D:4)
  A frilled lizard (D:3)
  3 goblins
  A kobold (D:1)
16 creatures vanquished.

Vanquished Creatures (others)
  A black bear zombie (D:5)
  An iguana zombie (D:5)
  A gnoll zombie (D:5)
3 creatures vanquished.

Grand Total: 123 creatures vanquished

Table legend:
 A = Non-vault XP
 B = Vault XP
 C = Vault XP percentage of total XP
 D = Non-vault monster count
 E = Vault monster count
 F = Vault count percentage of total count
                 A         B        C        D         E       F
            +---------+---------+-------+---------+---------+-------
      Total |     794 |     320 |  28.7 |      98 |      21 |  17.6
            +---------+---------+-------+---------+---------+-------
        D:1 |      40 |       0 |   0.0 |      24 |       0 |   0.0
        D:2 |      44 |      97 |  68.8 |      13 |      20 |  60.6
        D:3 |     155 |       0 |   0.0 |      28 |       0 |   0.0
        D:4 |     154 |     223 |  59.2 |      21 |       1 |   4.5
        D:5 |     401 |       0 |   0.0 |      12 |       0 |   0.0
            +---------+---------+-------+---------+---------+-------

Skill      XL: |  1  2  3  4  5  6 |
---------------+-------------------+-----
Necromancy     | 5 6 7 8 |  8.8
Spellcasting   | 3 4 |  4.8
Dodging        | |  2.1
Stealth        | |  3.0

Action                     |  1- 3 |  4- 6 |  7- 9 || total
---------------------------+-------+-------+-------++-------
  Melee: Unarmed           |    22 |       |       ||    22
         Bite              |     5 |     6 |     6 ||    17
         Dagger            |       |    58 |    28 ||    86
   Cast: Necrotise         |    52 |   102 |    14 ||   168
         Vampiric Draining |       |     2 |       ||     2
         Animate Dead      |       |       |     2 ||     2
  Evoke: Wand              |       |     1 |       ||     1
    Use: Scroll            |       |    10 |     1 ||    11
   Stab: Sleeping          |       |       |     1 ||     1
 Armour: Robe              |    19 |    66 |    36 ||   121
  Dodge: Dodged            |    20 |    62 |    29 ||   111

Illustrated notes

Table legend:
 A = Kills in this place as a percentage of kills in the entire game.
 B = Kills by you in this place as a percentage of kills by you in the entire game.
 C = Kills by friends in this place as a percentage of kills by friends in the entire game.
 D = Other kills in this place as a percentage of other kills in the entire game.
 E = Experience gained in this place as a percentage of experience gained in the entire game.
 F = Experience gained in this place divided by the number of levels of this place that you have seen.
                   A       B       C       D       E      F
               +-------+-------+-------+-------+-------+----------------------
         Total | 100.0 | 100.0 | 100.0 |   N/A | 100.0 | 222.8
       Dungeon | 100.0 | 100.0 | 100.0 |   N/A | 100.0 | 222.8
               +-------+-------+-------+-------+-------+----------------------

Table legend: (Time is in decaauts)
 A = Elapsed time spent in this place.
 B = Non-inter-level travel time spent in this place.
 C = Inter-level travel time spent in this place.
 D = Time resting spent in this place.
 E = Time spent auto-exploring this place.
 F = Levels seen in this place.
 G = Mean time per level.
                   A        B        C        D        E       F      G
               +--------+--------+--------+--------+--------+-----+--------+
         Total |   4239 |   4125 |    114 |    396 |   2948 |   5 |  847.8 |
       Dungeon |   4239 |   4125 |    114 |    396 |   2948 |   5 |  847.8 |
               +--------+--------+--------+--------+--------+-----+--------+

Top non-repeatable levels by time:
     D:2: 1131 daAuts
     D:1: 1009 daAuts
     D:3: 959 daAuts
     D:4: 713 daAuts
     D:5: 425 daAuts
